 Dungeon Crawl Stone Soup version 0.22-a0-271-gc000056a37 (webtiles) character file.

14310 Manul the Fighter (level 11, -30/90 HPs)
             Began as a Demonspawn Wanderer on Mar 10, 2018.
             Was an Initiate of Gozag.
             Annihilated by an ettin
             ... wielding a +0 great mace
              (35 damage)
             ... on level 1 of the Orcish Mines on Mar 11, 2018.
             The game lasted 00:20:25 (13688 turns).

Manul the Fighter (Demonspawn Wanderer)            Turns: 13688, Time: 00:20:27

Health: -30/90     AC: 24    Str: 14    XL:     11   Next: 87%
Magic:  13/13      EV: 13    Int: 11    God:    Gozag
Gold:   2114       SH:  0    Dex: 17    Spells: 10/10 levels left

rFire    . . .     SeeInvis +   u - +6 war axe of Beyond {pain, Fragile +Blink rPois SInv}
rCold    . . .     Gourm    .   (no shield)
rNeg     . . .     Faith    .   a - +2 scale mail
rPois    +         Spirit   .   (helmet restricted)
rElec    .         Reflect  .   F - +0 cloak
rCorr    +         Harm     .   G - +2 pair of gloves
MR       .....                  n - +2 pair of boots
Stlth    ++........             (no amulet)
HPRegen  0.25/turn              s - +2 ring of slaying
MPRegen  0.13/turn              y - ring of resist corrosion

@: gold aura, sanguine armour
A: antennae 2, demonic guardian 2, rot immunity, sanguine armour 1
a: Potion Petition, Call Merchant, Bribe Branch, Renounce Religion, Evoke Blink


You were on level 1 of the Orcish Mines.
You worshipped Gozag.
Gozag was most pleased with you.
You were not hungry.

You visited 3 branches of the dungeon, and saw 15 of its levels.

You collected 2896 gold pieces.
You spent 96 gold pieces at shops.
You paid 686 gold pieces to Gozag.

Inventory:

Hand Weapons
 e - a +2 dire flail of protection
 u - the +6 war axe of Beyond (weapon) {pain, Fragile +Blink rPois SInv}
   (You found it on level 10 of the Dungeon)

   In the hands of one skilled in necromantic magic, it inflicts extra damage on
   living creatures.
   It protects you from poison.
   It lets you see invisible.
   It lets you blink.
   It will be destroyed if unequipped.
 B - a +0 battleaxe
 C - a +2 whip of electrocution
Armour
 a - a +2 scale mail (worn)
 n - a +2 pair of boots (worn)
 F - a +0 cloak (worn)
 G - a +2 pair of gloves (worn)
Jewellery
 s - a +2 ring of slaying (left hand)
 x - an uncursed ring of protection from magic
 y - a ring of resist corrosion (right hand)
Wands
 c - a wand of random effects (10)
 g - a wand of acid (6)
 v - a wand of flame (43)
 w - a wand of iceblast (7)
 E - a wand of scattershot (3)
Scrolls
 h - 4 scrolls of amnesia {unknown}
 j - a scroll of fear {unknown}
 k - 5 scrolls of magic mapping
 l - a scroll of enchant armour {unknown}
 m - 7 scrolls of identify
 o - a scroll of enchant weapon
 p - 5 scrolls of teleportation
 r - 5 scrolls of remove curse
 z - 2 scrolls of blinking
 H - a scroll of acquirement
Potions
 b - 4 potions of curing
 i - 2 potions of heal wounds
 t - a potion of resistance {unknown}
 A - 2 potions of berserk rage
 D - 3 potions of invisibility
 I - a potion of agility
Comestibles
 f - 14 rations


   Skills:
 + Level 9.9 Fighting
   Level 0.1 Short Blades
 - Level 2.6(6.0) Axes
 + Level 8.3(8.6) Maces & Flails
   Level 1.0(1.9) Polearms
 + Level 9.4 Armour
 + Level 7.2 Dodging
 - Level 4.9 Stealth
 - Level 3.0 Evocations


You had 10 spell levels left.
You didn't know any spells.

Dungeon Overview and Level Annotations

Branches:
Dungeon (12/15)            Temple (1/1) D:5            Lair (0/6) D:10
    Orc (2/2) D:12
    Elf: Orc:2

Altars:
Ashenzari
Cheibriados
Dithmenos
Elyvilon
Fedhas
Gozag
Hepliaklqana
Kikubaaqudgha
Makhleb
Nemelex Xobeh
Okawaru
Qazlal
Ru
Sif Muna
Trog
Uskayaw
Vehumet
Wu Jian
Xom
Yredelemnul
Zin
The Shining One

Shops:
D:8 ?   D:12 ?

Annotations:
D:2 Crazy Yiuf
D:10 exclusions: 2 oklob plants and oklob sapling


Innate Abilities, Weirdness & Mutations

You have a pair of antennae on your head.
A demonic guardian rushes to your aid.
You are immune to rotting.
When seriously injured, your bleeding wounds create armour. (AC +6)


Message History

The mass of ice explodes!
The iceblast engulfs the ettin.
The ettin is moderately wounded.
The iceblast engulfs the orc.
You kill the orc!
You slash the ettin!
The ettin is heavily wounded.
The ettin barely misses you. The ettin hits you but does no damage.
You hit the ettin.
The ettin is heavily wounded.
The ettin misses you.
The ettin hits you with a dire flail of protection!!
Your blood congeals into armour.
You slash the ettin!
The ettin is severely wounded.
You slash the orc warrior! The ettin hits you with a great mace!!
* * * LOW HITPOINT WARNING * * *
The ettin misses you. The orc warrior barely misses you.
The ettin hits you with a great mace!!
You die...
Your body crumbles into a pile of gold.

#......#.>#..##......##.....##
......###....#.#).).#####....#
......##..........#..###....##
####..............#...#....##
###.#.....##.....###......##
##.##...#.###.[[####...#.##
#...###.....#...#.###.#.##
...###.#..........#####.##
....###...#..##.@..# #...#
.....###....###oC..####.##
....#####....##.....# ###
))####.##..o..#...###
...##..###..#.$...#
.........####....##
##.#......# #.#.## ##)......#
##### ##..)###..##


You could see an ettin and an orc warrior.

Vanquished Creatures
  An ogre mage (Orc:1)
  A two-headed ogre (Orc:1)
  An unseen horror (D:12)
  The ghost of drd the Charmwright, an amateur GnSk (D:4)
  4 hippogriffs
  A wyvern (D:8)
  A hungry ghost (D:11)
  Edmund (D:5)
  An acid dragon (D:11)
  2 wargs (Orc:1)
  A water moccasin (D:7)
  8 orc warriors
  4 sky beasts
  2 black bears
  5 ice beasts
  A necrophage (D:10)
  7 ogres
  10 centaurs
  5 bullfrogs
  A water moccasin zombie (D:11)
  6 scorpions
  10 killer bees
  A howler monkey (D:8)
  An electric eel (D:12)
  4 crimson imps
  A centaur zombie (D:7)
  2 bullfrog zombies
  A quasit (D:6)
  A jelly (D:7)
  3 centaur skeletons
  2 hounds
  8 orc wizards
  9 orc priests
  2 iguanas
  2 worker ants
  3 killer bee zombies
  A hound zombie (D:6)
  A mummy (D:5)
  A howler monkey zombie (D:7)
  9 gnolls
  12 adders
  A shadow imp (D:7)
  An adder zombie (D:5)
  3 adder skeletons
  A worm (D:3)
  2 dart slugs
  2 leopard geckos
  53 orcs
  4 bats
  2 giant cockroaches
  7 hobgoblins
  8 jackals
  6 quokkas
  2 ball pythons (D:10)
  9 frilled lizards
  2 goblins
  2 hobgoblin zombies (D:5)
  12 kobolds
  A kobold zombie (D:7)
  An orc zombie (D:5)
  10 rats
267 creatures vanquished.

Vanquished Creatures (collateral kills)
  Erolcha (D:9)
  2 hydras (D:11)
  The ghost of Execuda the Grappler, a novice TrTm of Wu Jian (D:9)
  4 two-headed ogres
  An orc knight (Orc:1)
  The ghost of Manul the Sneak, a novice DsAs of Gozag (D:5)
  A kobold demonologist (D:11)
  5 slime creatures (D:12)
  A water moccasin (D:6)
  2 orc warriors
  A black bear (D:8)
  3 centaurs
  An ogre (D:5)
  A big kobold (D:7)
  A crocodile (D:8)
  An electric eel (D:12)
  A howler monkey (D:8)
  A crimson imp (D:8)
  A hound (D:3)
  An orc priest (Orc:1)
  2 orc wizards
  A worker ant (D:8)
  2 gnolls (D:3)
  2 leopard geckos
  7 orcs
  A goblin (D:3)
  A hobgoblin (D:3)
  A kobold (D:7)
48 creatures vanquished.

Vanquished Creatures (others)
  An orc warrior (D:7)
  A hound skeleton (D:7)
  A jackal zombie (D:7)
3 creatures vanquished.

Grand Total: 318 creatures vanquished

Notes
Turn   | Place    | Note
-------+----------+-------------------------------------------
     0 | D:1      | Manul the Demonspawn Wanderer began the quest for the Orb.
     0 | D:1      | Manul set off with: a +2 scale mail, a scroll of teleportation, a wand of random effects (15), a +0 dagger, a ration
     0 | D:1      | Reached XP level 1. HP: 16/16 MP: 2/2
   264 | D:1      | Gained mutation: You have a pair of small antennae on your head. [demonic ancestry]
   264 | D:1      | Reached XP level 2. HP: 18/22 MP: 3/3
   949 | D:2      | Reached XP level 3. HP: 26/28 MP: 4/4
  1122 | D:2      | Found a faded altar of an unknown god.
  1189 | D:3      | Reached XP level 4. HP: 10/34 MP: 5/5
  1588 | D:3      | Found a glowing silver altar of Zin.
  2359 | D:2      | Found a runed door.
  2363 | D:2      | Noticed Crazy Yiuf
  2620 | D:3      | Gained mutation: A weak demonic guardian rushes to your aid. [demonic ancestry]
  2620 | D:3      | Reached XP level 5. HP: 25/41 MP: 6/6
  3215 | D:4      | Noticed drd's ghost (amateur GnSk)
  3278 | D:4      | Killed drd's ghost
  3278 | D:4      | Gained mutation: You have a pair of antennae on your head. [demonic ancestry]
  3278 | D:4      | Reached XP level 6. HP: 18/47 MP: 8/8
  3622 | D:4      | Found a sparkling altar of Nemelex Xobeh.
  3624 | D:4      | Found a radiant altar of Vehumet.
  3630 | D:4      | Found a hide-covered altar of Uskayaw.
  3659 | D:4      | Found a hazy altar of Hepliaklqana.
  3918 | D:5      | Entered Level 5 of the Dungeon
  4049 | D:5      | Gained mutation: You are immune to rotting. [demonic ancestry]
  4049 | D:5      | Reached XP level 7. HP: 29/53 MP: 9/9
  4228 | D:5      | Noticed Manul's ghost (novice DsAs)
  4596 | D:5      | Noticed Edmund
  4629 | D:5      | Killed Edmund
  5028 | D:5      | Killed Manul's ghost
  5028 | D:5      | Reached skill level 5 in Armour
  5284 | D:5      | Found a staircase to the Ecumenical Temple.
  5598 | Temple   | Entered the Ecumenical Temple
  5685 | Temple   | Became a worshipper of Gozag Ym Sagoz the Greedy
  5748 | D:6      | Gained mutation: A demonic guardian rushes to your aid. [demonic ancestry]
  5748 | D:6      | Reached XP level 8. HP: 61/61 MP: 10/10
  6183 | D:6      | Reached skill level 5 in Fighting
  6295 | D:6      | Found a shattered altar of Ashenzari.
  6299 | D:6      | Saw a vision of the Shoals and the Snake Pit.
  6299 | D:6      | Noticed a sea snake
  6299 | D:6      | Noticed a merfolk siren
  6299 | D:6      | Noticed a sea snake
  6299 | D:6      | Noticed a merfolk
  6299 | D:6      | Noticed a salamander
  6299 | D:6      | Noticed a naga ritualist
  6299 | D:6      | Noticed a black mamba
  6299 | D:6      | Noticed a shock serpent
  6301 | D:6      | Noticed a naga mage
  6302 | D:6      | Noticed a hippogriff
  6703 | D:7      | Reached skill level 1 in Maces & Flails
  6839 | D:7      | Found a shimmering altar of Xom.
  7392 | D:8      | Reached XP level 9. HP: 68/68 MP: 11/11
  7507 | D:8      | Reached skill level 5 in Dodging
  7614 | D:8      | Noticed a two-headed ogre
  7625 | D:8      | Killed a two-headed ogre
  7636 | D:8      | Reached skill level 5 in Maces & Flails
  7685 | D:8      | Found Qohorchehie's Magic Scroll Shoppe.
  7954 | D:9      | Noticed Execuda's ghost (novice TrTm)
  7959 | D:9      | Killed Execuda's ghost
  8025 | D:9      | Gained mutation: When seriously injured, your bleeding wounds create armour. (AC +6) [demonic ancestry]
  8025 | D:9      | Reached XP level 10. HP: 65/77 MP: 12/12
  8056 | D:9      | Noticed a two-headed ogre
  8062 | D:9      | Killed a two-headed ogre
  8223 | D:9      | Noticed Erolcha
  8223 | D:9      | Paralysed by Erolcha for 6 turns
  8242 | D:9      | Killed Erolcha
  8821 | D:10     | Entered Level 10 of the Dungeon
  8834 | D:10     | Found a staircase to the Lair.
  8834 | D:10     | Noticed an oklob plant
  8834 | D:10     | Noticed an oklob plant
  8989 | D:10     | Got a blackened war axe
  8990 | D:10     | Identified the +6 war axe of Beyond {pain, Fragile +Blink rPois SInv} (You found it on level 10 of the Dungeon)
  9256 | D:10     | Found a blossoming altar of Fedhas.
 10125 | D:11     | Reached XP level 11. HP: 80/84 MP: 13/13
 10675 | D:11     | Noticed a seven-headed hydra
 10680 | D:11     | Killed an eight-headed hydra
 10957 | D:11     | Noticed a four-headed hydra
 10990 | D:11     | Killed a five-headed hydra
 11265 | D:12     | Noticed an unseen horror
 11279 | D:12     | Killed an unseen horror
 11330 | D:12     | Bought a scroll of teleportation for 36 gold pieces
 11330 | D:12     | Bought a scroll of identify for 24 gold pieces
 11330 | D:12     | Bought a scroll of teleportation for 36 gold pieces
 11358 | D:12     | Noticed a two-headed ogre
 11365 | D:12     | Killed a two-headed ogre
 11656 | D:12     | HP: 1/87 [electric eel/bolt of electricity (9)]
 12330 | D:12     | Found a staircase to the Orcish Mines.
 12453 | Orc:1    | Entered Level 1 of the Orcish Mines
 12535 | Orc:1    | Noticed an orc knight
 12972 | Orc:1    | Killed an orc knight
 13226 | Orc:1    | Found a bloodstained altar of Trog.
 13261 | Orc:1    | Noticed a two-headed ogre
 13261 | Orc:1    | Noticed a two-headed ogre
 13261 | Orc:1    | Noticed a two-headed ogre
 13262 | Orc:1    | Noticed an ogre mage
 13263 | Orc:1    | Killed a two-headed ogre
 13276 | Orc:1    | Killed an ogre mage
 13286 | Orc:1    | Killed a two-headed ogre
 13648 | Orc:1    | Identified a scroll of acquirement
 13653 | Orc:2    | Entered Level 2 of the Orcish Mines
 13655 | Orc:2    | Noticed an ettin
 13688 | Orc:1    | Annihilated by an ettin

Vault maps used:
D:1:      shiori_shiawase
D:2:      chequers_ecumenical_altar_simple, uniq_crazy_yiuf_cottage
D:3:      nicolae_overflow_crystal_walls
D:4:      kennysheep_mini, minitemple
D:5:      minmay_temple_entry_large_hall, first_ration, minmay_mini_ossuary,
          uniq_edmund
D:6:      grunt_ashenzari_visionary
D:7:      xom_confusion_cloud
D:8:      serial_shops, shop_statue
D:9:      grunt_ogre_cave, hangedman_decor_push, wad_floor_pattern_untrapped,
          lemuel_old_faithful, uniq_erolcha
D:10:     dpeg_oklobed_lair, introduction_to_nature_2
D:12:     erik_orc_2
Temple:   kb_temple_of_zot
Orc:1:    basic_altar
Orc:2:    pf_orc_diabolical

Skill      XL: |  1  2  3  4  5  6  7  8  9 10 11 |
---------------+----------------------------------+-----
Dodging        | 2 3 4 5 6 7 |  7.2
Armour         | 2 3 4 5 6 7 8 9 |  9.4
Fighting       | 3 4 5 6 7 9 |  9.9
Stealth        | 2 3 4 |  4.9
Axes           | 2 |  2.6
Maces & Flails | 3 6 8 |  8.3
Evocations     | 3 |  3.0
Short Blades   | |  0.1
Polearms       | |  1.0

Action                   |  1- 3 |  4- 6 |  7- 9 | 10-12 || total
-------------------------+-------+-------+-------+-------++-------
Melee: Dagger            |   172 |   215 |   182 |       ||   569
       Whip              |       |       |   236 |    97 ||   333
       Battleaxe         |       |       |     9 |       ||     9
       War axe           |       |       |       |   345 ||   345
Invok: Call Merchant     |       |       |       |     1 ||     1
Evoke: Wand              |       |     5 |       |     5 ||    10
  Use: Scroll            |       |     3 |     5 |     8 ||    16
       Potion            |       |       |     4 |     2 ||     6
 Stab: Paralysed         |       |     1 |       |       ||     1
       Distracted        |       |     1 |     5 |     4 ||    10
       Sleeping          |       |       |       |     2 ||     2
  Eat: Chunk             |     1 |     9 |     3 |       ||    13
       Ration            |       |       |     3 |     6 ||     9
Armor: Scale mail        |    99 |    81 |   171 |   242 ||   593
Dodge: Dodged            |    63 |    95 |   195 |   349 ||   702

Table legend:
 A = Spawn XP
 B = Non-spawn XP
 C = Spawn XP percentage of total XP
 D = Spawn monster count
 E = Non-spawn monster count
 F = Spawn count percentage of total count
 G = Total turns spent on level
                    A         B        C        D         E        F      G
               +---------+---------+-------+---------+---------+-------+---------
         Total |       0 |   20444 |   0.0 |       0 |     315 |   0.0 | 13688
               +---------+---------+-------+---------+---------+-------+---------
           D:1 |       0 |      40 |   0.0 |       0 |      18 |   0.0 |  1273
           D:2 |       0 |      66 |   0.0 |       0 |      20 |   0.0 |   825
           D:3 |       0 |     169 |   0.0 |       0 |      27 |   0.0 |   987
           D:4 |       0 |     317 |   0.0 |       0 |       9 |   0.0 |  1072
           D:5 |       0 |     785 |   0.0 |       0 |      16 |   0.0 |  1453
           D:6 |       0 |     470 |   0.0 |       0 |      22 |   0.0 |  1095
           D:7 |       0 |     914 |   0.0 |       0 |      28 |   0.0 |   590
           D:8 |       0 |    1883 |   0.0 |       0 |      26 |   0.0 |   567
           D:9 |       0 |    3051 |   0.0 |       0 |      27 |   0.0 |   867
          D:10 |       0 |    1322 |   0.0 |       0 |      29 |   0.0 |  1039
          D:11 |       0 |    4873 |   0.0 |       0 |      33 |   0.0 |  1734
          D:12 |       0 |    2644 |   0.0 |       0 |      29 |   0.0 |   859
         Orc:1 |       0 |    3776 |   0.0 |       0 |      27 |   0.0 |  1225
         Orc:2 |       0 |     134 |   0.0 |       0 |       4 |   0.0 |    10
               +---------+---------+-------+---------+---------+-------+---------
